 Dungeon Sprint DCSS version 0.27-a0-1202-ge72e49191c (webtiles) character file.

Game seed: 17355449742581094485

21006 mhtbhm the Eviscerator (level 12, -1/61 HPs)
             Began as a Felid Berserker on June 4, 2021.
             Was the Champion of Trog.
             Shot with an arrow by a naga sharpshooter (4 damage)
             ... in the Dungeon (Sprint IX: "|||||||||||||||||||||||||||||").
             The game lasted 00:07:22 (4269 turns).

mhtbhm the Eviscerator (Felid Berserker)            Turns: 4269, Time: 00:07:23

Health: -1/61      AC:  3    Str: 25    XL:     12   Next: 50%
Magic:  13/13      EV: 34    Int:  9    God:    Trog [******]
Gold:   248        SH:  0    Dex: 16    Spells: 11/11 levels left
                                        Lives:  0   Deaths: 3

rFire    . . .     SeeInvis +     - Unarmed
rCold    + . .     Faith    +   (shield unavailable)
rNeg     . . .     Spirit   .   (armour unavailable)
rPois    .         Reflect  .   (helmet unavailable)
rElec    .         Harm     .   (cloak unavailable)
rCorr    .         Rampage  .   (gloves unavailable)
Will     +....     NoTele   +   (boots unavailable)
Stlth    ++++......             n - amulet "Voosump" {Faith Str+2}
HPRegen  0.20/turn              i - +2 ring of evasion
MPRegen  0.13/turn              o - +6 ring of strength

@: on berserk cooldown, slowed, slow
A: very small, claws 1, fangs 3, see invisible, speed 1, shaggy fur 3, stealthy
paws, no weapons or thrown items, no armour, multi-lived
a: Renounce Religion, Berserk, Trog's Hand, Brothers in Arms


You were in the Dungeon.
You worshipped Trog.
Trog was exalted by your worship.
You visited 1 branch You collected 1933 gold pieces.
You spent 1685 gold pieces at shops.

Inventory:

Jewellery
 i - a +2 ring of evasion (left paw)
 j - a ring of protection from cold
 n - the amulet "Voosump" (around neck) {Faith Str+2}
   (You bought it in a shop in the Dungeon)

   [amulet of faith]

   It allows you to gain divine favour quickly.
   It affects your strength (+2).
 o - a +6 ring of strength (right paw)
 p - a ring of resist corrosion
 q - a ring of poison resistance
 r - a ring of protection from fire
Wands
 h - a wand of acid (4)
Scrolls
 f - 2 scrolls of blinking
 l - 4 scrolls of fog
 m - a scroll of identify
Potions
 a - 4 potions of curing
 b - 4 potions of heal wounds
 c - 2 potions of haste
 d - 5 potions of magic
 e - 2 potions of berserk rage
 g - a potion of invisibility
 k - 2 potions of mutation


   Skills:
 + Level 12.8 Fighting
 + Level 21.0 Dodging
 + Level 9.6 Stealth
 + Level 24.4 Unarmed Combat
 + Level 6.2 Evocations


You had 11 spell levels left.
You didn't know any spells.
Your spell library was empty.

Dungeon Overview and Level Annotations

Branches:
Dungeon (1/1)

Altars:
Cheibriados
Dithmenos
Elyvilon
Fedhas
Gozag
Hepliaklqana
Kikubaaqudgha
Makhleb
Nemelex Xobeh
Okawaru
Qazlal
Ru
Sif Muna
Trog
Uskayaw
Vehumet
Wu Jian
Xom
Yredelemnul
Zin
The Shining One
Beogh
Jiyva
Lugonu

Shops:
D (=:(


Innate Abilities, Weirdness & Mutations

You have sharp claws.
You have razor-sharp teeth.
You have supernaturally acute eyesight. (SInv)
You cover ground quickly. (Speed+)
Your thick and shaggy fur keeps you warm. (AC +3, rC+)
Your paws help you pounce on unaware monsters.
You are incapable of wielding weapons or throwing items.
You cannot wear armour.
You gain extra lives every three experience levels.


Message History

The bolt of acid misses the naga sharpshooter.
The bolt of acid hits the naga!
The naga is splashed with acid.
The naga is severely wounded.
You feel sick. The naga completely misses you.
The naga sharpshooter spits poison at you.
The splash of poison misses you. The naga completely misses you.
Unknown command.
Unknown command.
Aiming: Corrosive Bolt
Press: ? - help, Shift-Dir - straight line, f/p - naga sharpshooter
Aim: a naga sharpshooter, wielding a +0 scimitar and quivering arrows (heavily wounded, catching its breath, 74% to hit)
The bolt of acid misses the naga sharpshooter.
The bolt of acid hits the naga!
The naga is splashed with acid.
The acid corrodes the naga!
You kill the naga!
Trog accepts your kill.
You feel sick.
The naga sharpshooter unwields a +0 scimitar.
The naga sharpshooter wields a +1 longbow of freezing.
It is covered in frost.
The naga sharpshooter mumbles some strange words.
The naga sharpshooter magically shoots an arrow.
The arrow misses you.
The naga sharpshooter spits poison at you.
The splash of poison hits you!
You are more poisoned.
* * * LOW HITPOINT WARNING * * *
Unknown command.
You feel better.
The naga sharpshooter mumbles some strange words.
The naga sharpshooter magically shoots an arrow.
The arrow barely misses you.
Unknown command.
You claw the naga sharpshooter! Your claw misses the naga sharpshooter.
You bite the naga sharpshooter, but do no damage.
The naga sharpshooter is severely wounded.
The naga sharpshooter shoots an arrow.
The arrow hits you!
* * * LOW HITPOINT WARNING * * *
The arrow freezes you.
You die...

)..)))))))......')))))∩.∩)∩)∩....
▓▓▓▓▓▓▓▓▓▓▓▓▓▓▓▓▓▓▓▓▓▓▓▓▓▓▓▓▓▓▓▓▓
...................).............
▓▓▓▓▓▓▓▓▓▓▓▓▓▓▓▓▓▓▓▓▓▓▓▓▓▓▓▓▓▓▓▓▓
[[[[[[)[..!...?.?.'[(([...)..)...
▓▓▓▓▓▓▓▓▓▓▓▓▓▓▓▓▓▓▓▓▓▓▓▓▓▓▓▓▓▓▓▓▓
...).............................
▓▓▓▓▓▓▓▓▓▓▓▓▓▓▓▓▓▓▓▓▓♣♣♣♣♣♣♣♣♣♣▓▓
.'.........).)).@N)..+
▓▓▓▓▓▓▓▓▓▓▓▓▓▓▓▓▓▓▓▓▓♣


You could see a naga sharpshooter (catching breath).

Vanquished Creatures
  Agnes (D)
  2 stone giants (D)
  An entropy weaver (D)
  2 ettins (D)
  Erolcha (D)
  A hydra (D)
  A centaur warrior (D)
  A two-headed ogre (D)
  A deep troll earth mage (D)
  A vampire mage (D)
  A salamander mystic (D)
  A sea snake (D)
  An orc knight (D)
  A harpy (D)
  2 naga ritualists (D)
  A mana viper (D)
  A deep elf pyromancer (D)
  11 orc sorcerers (D)
  3 orb spiders (D)
  2 wolf spiders (D)
  2 ugly things (D)
  2 cyclopes (D)
  A manticore (D)
  2 black mambas (D)
  A torpor snail (D)
  2 cane toads (D)
  A rime drake (D)
  A kobold demonologist (D)
  2 komodo dragons (D)
  A tengu conjurer (D)
  A tyrant leech (D)
  A slime creature (D)
  4 blink frogs (D)
  A wind drake (D)
  A tarantella (D)
  A vampire (D)
  2 redbacks (D)
  A wyvern (D)
  A basilisk (D)
  2 water elementals (D)
  3 yaks (D)
  3 vampire mosquitoes (D)
  2 nagas (D)
  4 water moccasins (D)
  9 orc warriors (D)
  A centaur (D)
  A kobold brigand (D)
  2 bullfrogs (D)
  A scorpion (D)
  A gnoll sergeant (D)
  A hound (D)
  4 orc priests (D)
  A gnoll shaman (D)
  10 orc wizards (D)
  A dart slug (D)
  5 orcs (D)
  An endoplasm (D)
  2 goblins (D)
  A jackal (D)
  A quokka (D)
  A frilled lizard (D)
  A quokka zombie (D)
122 creatures vanquished.

Vanquished Creatures (collateral kills)
  A fire dragon (D)
  An ugly thing (D)
  A manticore (D)
  A tengu conjurer (D)
4 creatures vanquished.

Grand Total: 126 creatures vanquished

Notes
Turn   | Place    | Note
-------+----------+-------------------------------------------
     0 | D        | mhtbhm the Felid Berserker began the quest for the Orb.
     0 | D        | Reached XP level 1. HP: 10/10 MP: 2/2
     9 | D        | Reached ** piety under Trog
   220 | D        | Noticed a gnoll shaman
   220 | D        | Noticed a hound
   220 | D        | Noticed a scorpion
   225 | D        | Reached skill level 5 in Dodging
   225 | D        | Reached XP level 2. HP: 15/15 MP: 3/3
   226 | D        | Reached *** piety under Trog
   227 | D        | Reached skill level 4 in Unarmed Combat
   227 | D        | Reached XP level 3. HP: 18/18 MP: 4/4
   233 | D        | Reached skill level 5 in Fighting
   233 | D        | Reached skill level 5 in Unarmed Combat
   234 | D        | Killed a scorpion
   235 | D        | Reached skill level 6 in Unarmed Combat
   235 | D        | Reached XP level 4. HP: 23/24 MP: 5/5
   330 | D        | Found a snail-covered altar of Cheibriados.
   330 | D        | Found a shadowy altar of Dithmenos.
   330 | D        | Found a white marble altar of Elyvilon.
   330 | D        | Found a blossoming altar of Fedhas.
   330 | D        | Found an opulent altar of Gozag.
   331 | D        | Found a hazy altar of Hepliaklqana.
   332 | D        | Found a viscous altar of Jiyva.
   333 | D        | Found an ancient bone altar of Kikubaaqudgha.
   334 | D        | Found a corrupted altar of Lugonu.
   335 | D        | Found a burning altar of Makhleb.
   336 | D        | Found a sparkling altar of Nemelex Xobeh.
   337 | D        | Found an iron altar of Okawaru.
   338 | D        | Found a stormy altar of Qazlal.
   339 | D        | Found a sacrificial altar of Ru.
   340 | D        | Found a shimmering blue altar of Sif Muna.
   341 | D        | Found a bloodstained altar of Trog.
   342 | D        | Found a hide-covered altar of Uskayaw.
   343 | D        | Found a radiant altar of Vehumet.
   344 | D        | Found an ornate altar of the Wu Jian Council.
   345 | D        | Found a shimmering altar of Xom.
   346 | D        | Found a basalt altar of Yredelemnul.
   347 | D        | Found a glowing silver altar of Zin.
   348 | D        | Found a glowing golden altar of the Shining One.
   374 | D        | Noticed a kobold demonologist
   374 | D        | Noticed a centaur
   374 | D        | Noticed a kobold brigand
   374 | D        | Noticed an orc warrior
   374 | D        | Noticed a vampire
   378 | D        | Killed a kobold demonologist
   378 | D        | Reached **** piety under Trog
   379 | D        | Reached skill level 10 in Dodging
   379 | D        | Reached skill level 9 in Unarmed Combat
   379 | D        | Reached XP level 5. HP: 29/29 MP: 6/6
   379 | D        | Gained mutation: You are covered in thick fur. (AC +2)
                  | [Felid growth]
   379 | D        | Reached XP level 6. HP: 33/33 MP: 7/7
   386 | D        | Reached skill level 10 in Unarmed Combat
   386 | D        | Reached XP level 7. HP: 37/37 MP: 8/8
   443 | D        | Killed a vampire
   443 | D        | Reached ***** piety under Trog
   444 | D        | Reached skill level 11 in Unarmed Combat
   527 | D        | Noticed a green ugly thing
   527 | D        | Noticed a two-headed ogre
   527 | D        | Noticed a cyclops
   527 | D        | Noticed a slime creature
   534 | D        | Killed a green ugly thing
   535 | D        | Reached skill level 10 in Fighting
   535 | D        | Reached skill level 12 in Unarmed Combat
   535 | D        | Reached XP level 8. HP: 43/43 MP: 9/9
   539 | D        | Killed a two-headed ogre
   539 | D        | Slain by a gnoll sergeant
   540 | D        | Reached XP level 7. HP: 0/58 MP: 8/8
   540 | D        | Reached skill level 13 in Unarmed Combat
   540 | D        | Reached XP level 8. HP: 44/44 MP: 9/9
   669 | D        | Noticed a tyrant leech
   670 | D        | Noticed a blink frog
   673 | D        | Noticed a blink frog
   675 | D        | Noticed a blink frog
   679 | D        | Killed a tyrant leech
   684 | D        | Killed a blink frog
   690 | D        | Noticed a blink frog
   691 | D        | Mangled by a blink frog
   692 | D        | Reached XP level 7. HP: -9/40 MP: 8/8
   779 | D        | Noticed a cane toad
   779 | D        | Noticed a komodo dragon
   779 | D        | Noticed a basilisk
   780 | D        | Noticed a komodo dragon
   783 | D        | Killed a cane toad
   783 | D        | Reached ****** piety under Trog
   784 | D        | Reached skill level 14 in Unarmed Combat
   784 | D        | Reached XP level 8. HP: 45/45 MP: 9/9
   787 | D        | Reached skill level 15 in Dodging
   790 | D        | Killed a komodo dragon
   797 | D        | Reached skill level 15 in Unarmed Combat
   803 | D        | Killed a komodo dragon
   804 | D        | Reached XP level 9. HP: 48/48 MP: 10/10
   959 | D        | Noticed an eight-headed hydra
   959 | D        | Noticed a torpor snail
   961 | D        | Noticed a rime drake
   964 | D        | Killed an eight-headed hydra
   965 | D        | Reached skill level 16 in Unarmed Combat
   966 | D        | Noticed a cane toad
   969 | D        | Killed a torpor snail
  1234 | D        | Reached skill level 1 in Stealth
  1234 | D        | Killed a rime drake
  1235 | D        | Reached skill level 17 in Unarmed Combat
  1235 | D        | Reached XP level 10. HP: 53/53 MP: 11/11
  1237 | D        | Killed a cane toad
  1652 | D        | Killed a cyclops
  1653 | D        | Reached skill level 18 in Unarmed Combat
  2354 | D        | Noticed an orc knight
  2356 | D        | Noticed an orc sorcerer
  2366 | D        | Killed an orc knight
  2373 | D        | Killed an orc sorcerer
  2374 | D        | Reached skill level 19 in Unarmed Combat
  2400 | D        | Reached XP level 11. HP: 45/57 MP: 12/12
  2467 | D        | Found Akurao's Weapon Emporium.
  2467 | D        | Noticed an orc sorcerer
  2467 | D        | Noticed an orc sorcerer
  2467 | D        | Noticed an orc sorcerer
  2468 | D        | Noticed an orc sorcerer
  2472 | D        | Found Qofol's Jewellery Shoppe.
  2474 | D        | Killed an orc sorcerer
  2474 | D        | Noticed an orc sorcerer
  2475 | D        | Killed an orc sorcerer
  2479 | D        | Killed an orc sorcerer
  2480 | D        | Found Fusewet's Book Emporium.
  2480 | D        | Noticed an orc sorcerer
  2482 | D        | Killed an orc sorcerer
  2483 | D        | Reached skill level 5 in Stealth
  2483 | D        | Reached skill level 20 in Unarmed Combat
  2483 | D        | Noticed an orc sorcerer
  2487 | D        | Found Ynkalac's Antique Weapon Shoppe.
  2490 | D        | Killed an orc sorcerer
  2491 | D        | Noticed an orc sorcerer
  2498 | D        | Noticed an orc sorcerer
  2502 | D        | Noticed an orc sorcerer
  2504 | D        | Paralysed by an orc sorcerer for 5 turns
  2511 | D        | Killed an orc sorcerer
  2511 | D        | Killed an orc sorcerer
  2512 | D        | Noticed a sun demon
  2513 | D        | Killed an orc sorcerer
  2516 | D        | Killed an orc sorcerer
  2517 | D        | Reached skill level 1 in Evocations
  2518 | D        | Killed an orc sorcerer
  2699 | D        | Bought the amulet "Voosump" {Faith Str+2} for 665 gold
                  | pieces
  2699 | D        | Bought a +6 ring of strength for 760 gold pieces
  2701 | D        | Bought a ring of resist corrosion for 260 gold pieces
  2738 | D        | Noticed Erolcha
  2745 | D        | Killed Erolcha
  2746 | D        | Reached skill level 21 in Unarmed Combat
  2852 | D        | Noticed a purple ugly thing
  2852 | D        | Noticed a fire dragon
  2852 | D        | Noticed a centaur warrior
  2853 | D        | Noticed a cyan ugly thing
  2864 | D        | Killed a purple ugly thing
  2870 | D        | Killed a fire dragon
  3123 | D        | Killed a centaur warrior
  3201 | D        | Noticed a stone giant
  3202 | D        | Noticed a stone giant
  3205 | D        | Killed a cyan ugly thing
  3205 | D        | Noticed a deep elf pyromancer
  3206 | D        | Noticed a vampire mage
  3207 | D        | Noticed a cyan ugly thing
  3211 | D        | Killed a stone giant
  3212 | D        | Reached skill level 22 in Unarmed Combat
  3212 | D        | Gained mutation: Your thick and shaggy fur keeps you warm.
                  | (AC +3, rC+) [Felid growth]
  3212 | D        | Reached XP level 12. HP: 48/61 MP: 13/13
  3212 | D        | Noticed a deep troll earth mage
  3213 | D        | Noticed an ettin
  3217 | D        | Killed a stone giant
  3218 | D        | Noticed an ettin
  3227 | D        | Killed a vampire mage
  3236 | D        | Slain by a cyan ugly thing
  3237 | D        | Reached XP level 11. HP: -2/57 MP: 12/12
  3429 | D        | Killed an ettin
  3445 | D        | Killed an ettin
  3571 | D        | Killed a deep troll earth mage
  3694 | D        | Noticed Agnes
  3705 | D        | Killed Agnes
  3706 | D        | Reached skill level 23 in Unarmed Combat
  3891 | D        | Noticed a harpy
  3891 | D        | Noticed a sea snake
  3893 | D        | Killed a harpy
  3896 | D        | Reached skill level 5 in Evocations
  3905 | D        | Killed a sea snake
  4017 | D        | Noticed a wolf spider
  4017 | D        | Noticed a wolf spider
  4017 | D        | Noticed an orb spider
  4017 | D        | Noticed an orb spider
  4021 | D        | Killed a wolf spider
  4022 | D        | Reached XP level 12. HP: 50/61 MP: 13/13
  4028 | D        | Noticed an entropy weaver
  4038 | D        | Killed an entropy weaver
  4048 | D        | Reached skill level 24 in Unarmed Combat
  4269 | D        | HP: 3/61 [naga sharpshooter/arrow (15)]
  4269 | D        | Shot with an arrow by a naga sharpshooter

Illustrated notes

Levels and vault maps discovered:
D:        linesprint [early_d, line_temple, items_1, d_10, items_2, lair_1,
          lair_end, items_3, orc_1, orc_end, items_4, d_15, swamp_1, shoals_1,
          snake_1, spider_1, d_20, vaults_1, items_5, swamp_end, shoals_end,
          snake_end, spider_end, vaults_end, d_27, items_6, zot_1, zot_end,
          crypt_end, forest_end, elf_end, slime_end, tomb_end, abyss_end,
          pan_hell_end]

Skill      XL: |  1  2  3  4  5  6  7  8  9 10 11 12 |
---------------+-------------------------------------+-----
Dodging        | 5 6 8 10 11 14 15 16 17 20 21 | 21.0
Fighting       | 4 6 8 10 11 12 | 12.8
Unarmed Combat | 4 6 9 10 14 15 17 19 23 24 | 24.4
Stealth        | 1 4 8 9 |  9.6
Evocations     | 5 6 |  6.2

Action                   |  1- 3 |  4- 6 |  7- 9 | 10-12 || total
-------------------------+-------+-------+-------+-------++-------
Melee: Unarmed           |    18 |    10 |    81 |   222 ||   331
       Bite              |     1 |     1 |    11 |    25 ||    38
       Punch             |       |       |    10 |    21 ||    31
Invok: Berserk           |     2 |     1 |     6 |     9 ||    18
       Brothers in Arms  |       |       |       |     3 ||     3
Evoke: Wand              |       |       |       |    16 ||    16
  Use: Potion            |       |       |     1 |     8 ||     9
       Scroll            |       |       |     1 |       ||     1
 Stab: Sleeping          |       |       |       |     3 ||     3
Armor: Skin              |       |       |     2 |     4 ||     6
Dodge: Dodged            |    12 |     6 |    61 |   177 ||   256

Table legend: (Time is in decaauts)
 A = Elapsed time spent in this place.
 B = Non-inter-level travel time spent in this place.
 C = Inter-level travel time spent in this place.
 D = Time resting spent in this place.
 E = Time spent auto-exploring this place.
 F = Levels seen in this place.
 G = Mean time per level.
                   A        B        C        D        E       F      G
               +--------+--------+--------+--------+--------+-----+--------+
         Total |   3983 |   3983 |      0 |   2353 |    580 |   1 | 3983.0 |
       Dungeon |   3983 |   3983 |      0 |   2353 |    580 |   1 | 3983.0 |
               +--------+--------+--------+--------+--------+-----+--------+

Top non-repeatable levels by time:
       D: 3983 daAuts
